Get step-by-step instructions on how to execute this build order below. Start the game timer, and the build order will tick by so you can play in parallel with StarCraft on a second screen or mobile device.

Game Time

  0:00

Last Step

  N/A

Next Step

Upcoming Step



Don't want to look back and forth between 2 screens? Try out our Overwolf App, the Spawning Tool Build Advisor to get an in-game overlay with this build!

Complete Build Order

  12  0:00  SCV  
  13  0:12  SCV  
  14  0:16  Supply Depot  
  14  0:24  SCV  
  14  0:27  Refinery  
  15  0:38  SCV  
  16  0:43  Barracks  
  16  0:50  SCV  
  17  1:02  SCV  
  18  1:12  Engineering Bay  
  18  1:14  SCV  
  19  1:30  Orbital Command  
  19  1:31  Marine  
  20  1:37  Factory  
  20  1:42  Supply Depot  
  20  1:49  Barracks Reactor  
  20  1:55  SCV  
  21  2:07  SCV  
  22  2:19  SCV  
  23  2:24  Command Center  
  23  2:30  Hellion x2  
  23  2:33  Supply Depot  
  23  2:37  SCV  
  28  2:45  Refinery  
  28  2:49  SCV  
  29  2:52  Hellion  
  29  2:55  Hellion  
  33  3:01  SCV  
  33  3:05  Starport  
  34  3:06  Barracks Tech Lab  
  34  3:13  Supply Depot  
  34  3:16  SCV  
  35  3:22  Cyclone  
  37  3:29  Cyclone  
  39  3:34  SCV, Marine  
  42  3:46  SCV  
  42  3:47  Medivac  
  44  3:59  Cyclone  
  44  4:00  Marine  
  44  4:01  SCV  
  44  4:02  Orbital Command  
  46  4:06  Cyclone  
  48  4:13  SCV  
  49  4:21  Marine  
  49  4:25  SCV  
  49  4:28  SCV  
  50  4:33  Cyclone  
  52  4:38  Cyclone  
  52  4:39  SCV, Marine  
  52  4:41  SCV  
  52  4:44  Supply Depot  
  57  4:50  Viking  
  57  4:51  SCV  
  60  4:53  SCV  
  61  5:03  SCV, Marine  
  61  5:05  SCV  
  60  5:14  Command Center  
  60  5:16  SCV  
  60  5:18  Cyclone  
  60  5:21  Marine  
  62  5:24  Cyclone  
  62  5:31  Liberator  
  62  5:34  SCV  
  62  5:35  SCV  
  67  5:36  Barracks  
  67  5:37  Barracks  
  67  5:39  Marine  
  67  5:40  Supply Depot  
  68  5:48  SCV x2  
  68  5:56  Marine  
  66  6:00  SCV x2  
  66  6:01  Cyclone  
  66  6:02  Cyclone  
  66  6:12  SCV x2  
  66  6:13  Engineering Bay x2  
  66  6:14  Marine  
  68  6:24  SCV, Refinery x2  
  68  6:25  SCV  
  68  6:31  Stimpack  
  68  6:32  Marine  
  66  6:36  SCV  
  66  6:37  SCV  
  66  6:39  Barracks  
  66  6:40  Terran Infantry Weapons Level 1, Barracks Tech Lab  
  66  6:42  Barracks  
  66  6:48  SCV, Marine x2  
  66  6:49  Factory Reactor, Supply Depot, SCV  
  66  6:50  Marine  
  66  6:53  Supply Depot  
  71  6:58  Combat Shield  
  71  6:59  Marauder  
  71  7:00  SCV  
  71  7:01  SCV  
  73  7:06  Terran Infantry Armor Level 1, Marine  
  74  7:09  Marine  
  74  7:10  Supply Depot  
  74  7:11  Marauder  
  74  7:12  SCV  
  74  7:13  SCV  
  79  7:18  Starport Reactor  
  79  7:20  Missile Turret  
  79  7:22  Missile Turret  
  79  7:24  SCV, Marine  
  79  7:25  SCV  
  79  7:27  Marine  
  79  7:29  Barracks Reactor, Barracks Tech Lab  
  83  7:31  Widow Mine x2  
  83  7:34  Marauder  
  83  7:36  SCV  
  83  7:37  SCV, Marauder  
  92  7:41  Marine  
  94  7:44  Marine  
  94  7:48  Supply Depot  
  94  7:49  SCV x2  
  94  7:50  Marauder  
  99  7:55  Medivac x2  
  99  7:56  Widow Mine  
  105  7:59  Orbital Command  
  105  8:01  SCV  
  105  8:02  Widow Mine  
  105  8:03  SCV  
  105  8:04  Marine  
  105  8:05  Marine  
  111  8:08  Concussive Shells  
  111  8:09  Marine x2, Supply Depot  
  111  8:12  Marauder  
  112  8:14  SCV  
  112  8:16  Marauder  
  112  8:18  Supply Depot  
  115  8:21  SCV, Widow Mine  
  115  8:23  Marine  
  115  8:24  SCV, Marine  
  115  8:26  SCV  
  122  8:30  Marine x2  
  122  8:31  Widow Mine  
  122  8:33  SCV  
  126  8:35  Bunker, Supply Depot  
  126  8:36  Marauder  
  126  8:41  Armory  
  128  8:42  Ghost Academy  
  128  8:44  Marauder  
  128  8:47  Refinery x2  
  128  8:48  Marine x2  
  130  8:52  Supply Depot  
  131  8:57  Marine x2, Widow Mine x2  
  131  8:59  Supply Depot  
  131  9:01  Supply Depot  
  131  9:02  Marauder  
  139  9:04  Medivac  
  139  9:05  Medivac  
  139  9:08  SCV x3  
  146  9:12  Marine x2  
  148  9:17  Supply Depot x2  
  148  9:18  Marine  
  148  9:20  Widow Mine x2, Marine  
  149  9:24  Marauder  
  149  9:25  Marauder  
  149  9:29  Supply Depot  
  153  9:33  Marine  
  153  9:34  Marine  
  153  9:39  Marine x2, SCV x2  
  153  9:40  SCV  
  153  9:45  Widow Mine x2  
  159  9:49  Medivac x2  
  159  9:51  SCV  
  159  9:52  Marauder  
  162  9:53  Marauder  
  162  9:56  Marine x2  
  155  10:00  Ghost  
  155  10:03  SCV  
  155  10:05  Command Center  
  154  10:07  Marine  
  154  10:13  Marauder  
  157  10:16  Widow Mine  
  157  10:19  Viking x2  
  157  10:20  Supply Depot  
  161  10:23  Ghost  
  161  10:25  Marine x3  
  161  10:27  Marine  
  167  10:30  Marauder  
  167  10:33  Widow Mine  
  167  10:34  Marine  
  172  10:42  Barracks  
  172  10:43  Barracks  
  172  10:45  Barracks  
  172  10:47  Marine  
  172  10:48  Marine x2, Widow Mine